 Dungeon Crawl Stone Soup version 0.26-a0-846-gcc8f1ee719 (webtiles) character file.

Game seed: 6731502910119658513

238 leviel the Cudgeller (level 6, -4/38 HPs)
             Began as a Gargoyle Monk on Nov 19, 2020.
             Killed by divine providence
             ... invoked by an orc priest
              (15 damage)
             ... on level 3 of the Dungeon.
             The game lasted 00:05:09 (2597 turns).

leviel the Cudgeller (Gargoyle Monk)                Turns: 2597, Time: 00:05:10

Health: -4/38      AC: 11    Str: 17    XL:     6   Next: 7%
Magic:  6/6        EV:  9    Int: 13    God:
Gold:   95         SH:  7    Dex: 12    Spells: 5/5 levels left

rFire    . . .     SeeInvis .   a - +0 mace
rCold    . . .     Faith    .   l - +0 kite shield
rNeg     + . .     Spirit   .   g - +0 ring mail
rPois    ∞         Reflect  .   i - +0 helmet {Int+3}
rElec    +         Harm     .   r - +0 cloak {MR+}
rCorr    .         Rampage  .   (no gloves)
MR       +....                  (no boots)
Stlth    +.........             (no amulet)
HPRegen  0.12/turn              j - ring of flight
MPRegen  0.10/turn              (no ring)

@: no status effects
A: negative energy resistance 1, electricity resistance, unbreathing,
petrification resistance, rot immunity, AC +4
a: Evoke Flight


You were on level 3 of the Dungeon.
You visited 1 branch of the dungeon, and saw 3 of its levels.

You collected 95 gold pieces.

Inventory:

Hand Weapons
 a - a +0 mace (weapon)
 q - a +4 quarterstaff of chaos
Armour
 g - a +0 ring mail (worn)
 i - a +0 helmet of intelligence (worn)
 l - a +0 kite shield (worn)
 r - a +0 cloak of magic resistance (worn)
Jewellery
 j - a ring of flight (left hand)
Wands
 m - a wand of polymorph (10)
Scrolls
 b - 2 scrolls of noise {unknown}
 c - a scroll of magic mapping {unknown}
 d - 2 scrolls of enchant weapon {unknown}
 f - 2 scrolls of immolation {unknown}
 h - 2 scrolls of identify {unknown}
 k - a scroll of teleportation {unknown}
 p - a scroll of enchant armour {unknown}
 s - a scroll of amnesia {unknown}
Potions
 e - 2 potions of curing
 n - a potion of degeneration {unknown}
 o - a potion of haste {unknown}


   Skills:
 + Level 4.3 Fighting
 + Level 4.7 Maces & Flails
 + Level 1.8 Armour
 + Level 3.0 Dodging
 + Level 2.9 Stealth
 + Level 1.0 Shields
 + Level 0.4 Unarmed Combat


You had 5 spell levels left.
You didn't know any spells.
Your spell library was empty.

Dungeon Overview and Level Annotations

Branches:
Dungeon (3/15)

Altars:
Okawaru


Innate Abilities, Weirdness & Mutations

You are resistant to torment.
Your stone body is resilient. (AC +4)
You are immune to poison.
You resist negative energy. (rN+)
You are resistant to electric shocks. (rElec)
You can survive without breathing.
You are immune to petrification.
You are immune to rotting.


Message History

The orc is heavily wounded.
The orc hits you but does no damage. You block the orc's attack.
You hit the orc.
The orc is severely wounded.
You block the orc's attack. x2
The orc priest begins to cast a cantrip, but forgets the words!
You block the orc's attack. The orc hits you but does no damage.
The orc priest calls upon Beogh to heal the orc.
The orc's wounds heal themselves!
You hit the orc.
The orc is heavily wounded.
You block the orc's attack. The orc hits you but does no damage.
You hit the orc.
You kill the orc!
The orc hits you with a +0 short sword.
* * * LOW HITPOINT WARNING * * *
You block the orc's attack.
The orc priest calls down the wrath of Beogh upon you.
Beogh smites you!
You die...

... .... #.[. ##...
#..# ###S###
########.oo..# #
.....=)@o#.#.#.#
#########..>.#.#
#......###
###........#
#..........#
#.#........#
##.#........#
####..[........#
#######..............#


You could see an orc priest, an adder and 2 orcs.

Vanquished Creatures
  Crazy Yiuf (D:2)
  Terence (D:2)
  Natasha (thrice) (D:2)
  4 adders
  An ooze (D:2)
  3 worms
  2 dart slugs
  2 leopard geckos (D:2)
  An orc (D:3)
  2 giant cockroaches
  6 goblins
  10 hobgoblins
  2 jackals (D:1)
  8 kobolds
  A quokka (D:2)
  5 bats
  4 frilled lizards
  6 rats
62 creatures vanquished.

Notes
Turn   | Place    | Note
-------+----------+-------------------------------------------
     0 | D:1      | leviel the Gargoyle Monk began the quest for the Orb.
     0 | D:1      | Reached XP level 1. HP: 14/14 MP: 1/1
   171 | D:1      | Reached XP level 2. HP: 13/19 MP: 2/2
   726 | D:1      | Reached XP level 3. HP: 22/24 MP: 3/3
   844 | D:1      | You fall into a shaft and drop 1 floor!
   844 | D:2      | Found an iron altar of Okawaru.
  1171 | D:1      | Reached XP level 4. HP: 29/29 MP: 4/4
  1383 | D:2      | Noticed Natasha
  1387 | D:2      | Killed Natasha
  1388 | D:2      | Reached skill level 1 in Armour
  1416 | D:2      | Noticed Terence
  1429 | D:2      | Killed Terence
  1472 | D:2      | Noticed Natasha
  1483 | D:2      | Killed Natasha
  1484 | D:2      | Reached XP level 5. HP: 32/33 MP: 5/5
  1536 | D:2      | Noticed Natasha
  1544 | D:2      | Killed Natasha
  1901 | D:2      | Found a runed translucent door.
  1902 | D:2      | Noticed Crazy Yiuf
  1917 | D:2      | Killed Crazy Yiuf
  2524 | D:3      | Reached XP level 6. HP: 38/38 MP: 6/6
  2584 | D:3      | Reached skill level 1 in Shields
  2597 | D:3      | Killed from afar by an orc priest

Illustrated notes

Levels and vault maps discovered:
D:1:      elethiomel_arrival_infinity_welcomes_careful_drivers, layout_basic,
          hangedman_decor_points
D:2:      layout_basic, okawaru_ov_weapons_minmay, st_stairs_6,
          minmay_misc_feat_columns, uniq_terence, uniq_crazy_yiuf_cottage,
          uniq_natasha
D:3:      layout_rooms, lemuel_crystal_altar, marbit_many_paths,
          chequers_ecumenical_altar_lobes

Skill      XL: |  1  2  3  4  5  6 |
---------------+-------------------+-----
Fighting       | 4 |  4.3
Armour         | 1 |  1.8
Maces & Flails | 4 |  4.7
Dodging        | 3 |  3.0
Shields        | 1 |  1.0
Stealth        | |  2.9
Unarmed Combat | |  0.4

Action                   |  1- 3 |  4- 6 || total
-------------------------+-------+-------++-------
Melee: Mace              |   113 |   136 ||   249
       Unarmed           |       |    22 ||    22
  Use: Potion            |     1 |       ||     1
 Stab: Sleeping          |     2 |     3 ||     5
Armor: Robe              |     9 |       ||     9
       Ring mail         |    32 |    61 ||    93
       Skin              |       |     1 ||     1
Dodge: Dodged            |    72 |    76 ||   148
Block: Kite shield       |       |    47 ||    47

Table legend: (Time is in decaauts)
 A = Elapsed time spent in this place.
 B = Non-inter-level travel time spent in this place.
 C = Inter-level travel time spent in this place.
 D = Time resting spent in this place.
 E = Time spent auto-exploring this place.
 F = Levels seen in this place.
 G = Mean time per level.
                   A        B        C        D        E       F      G
               +--------+--------+--------+--------+--------+-----+--------+
         Total |   2660 |   2638 |     22 |    633 |   1330 |   3 |  886.7 |
       Dungeon |   2660 |   2638 |     22 |    633 |   1330 |   3 |  886.7 |
               +--------+--------+--------+--------+--------+-----+--------+

Top non-repeatable levels by time:
     D:2: 1419 daAuts
     D:1: 1101 daAuts
     D:3: 139 daAuts
